 Dungeon Crawl Stone Soup version 0.31.0-9-g3a7656b989 (webtiles) character file.

Game seed: 14116453963456069119

2038 Killerpretzel the Sneak (level 9, -6/39 HPs)
             Began as a Felid Air Elementalist on Jan 30, 2024.
             Was an Initiate of Gozag.
             Mangled by a hornet (8 damage)
             ... while paralysed by a hornet
             ... on level 8 of the Dungeon.
             The game lasted 00:43:49 (8829 turns).

Killerpretzel the Sneak (Felid Air Elementalist)    Turns: 8829, Time: 00:43:50

Health: -6/39      AC:  2    Str:  4    XL:     9   Next: 4%
Magic:  1/16       EV:  4    Int: 23    God:    Gozag
Gold:   315        SH:  0    Dex: 17    Spells: 10/17 levels left
                                        Lives:  0   Deaths: 3

rFire   . . .        (weapon unavailable)
rCold   . . .        (shield unavailable)
rNeg    . . .        (body armour unavailable)
rPois   .            (helmet unavailable)
rElec   .            (cloak unavailable)
rCorr   .            (gloves unavailable)
SInv    +            (boots unavailable)
Will    +....        d - amulet of regeneration
Stlth   ++++         b - +5 ring of evasion
HPRegen 1.06/turn    q - ring of wizardry
MPRegen 0.15/turn

%: wizardry (x1)
@: paralysed, slowed
A: very small, claws 1, fangs 3, see invisible, shaggy fur 2, stealthy paws, no
weapons or thrown items, no armour, multi-lived
a: Renounce Religion, Potion Petition, Call Merchant, Bribe Branch


You were on level 8 of the Dungeon.
You worshipped Gozag.
Gozag was aware of your devotion.
You visited 2 branches of the dungeon, and saw 12 of its levels.

You collected 481 gold pieces.
You paid 166 gold pieces to Gozag.

Inventory:

Jewellery
 b - a +5 ring of evasion (left paw)
 d - an amulet of regeneration (around neck)
 f - a ring of willpower
 p - a ring of protection from cold
 q - a ring of wizardry (right paw)
 u - an amulet of faith
 w - a ring of ice
Wands
 k - a wand of acid (4)
 r - a wand of iceblast (7)
 v - a wand of paralysis (9)
 B - a wand of polymorph (7)
Scrolls
 j - a scroll of revelation {unknown}
 l - 4 scrolls of identify
 o - a scroll of amnesia
 s - 3 scrolls of vulnerability
 t - 2 scrolls of immolation {unknown}
 x - a scroll of acquirement
 y - a scroll of poison {unknown}
Potions
 a - a potion of magic
 c - a potion of mutation {unknown}
 e - a potion of invisibility {unknown}
 g - a potion of degeneration {unknown}
 h - a potion of cancellation {unknown}
 i - a potion of might
 m - a potion of berserk rage
 n - a potion of curing {unknown}
 z - a potion of enlightenment
 A - a potion of heal wounds {unknown}
 C - a potion of attraction {unknown}


   Skills:
 + Level 6.7 Dodging
 + Level 7.5 Stealth
 + Level 4.6 Spellcasting
 + Level 4.2 Conjurations
 * Level 6.9 Air Magic


You had 10 spell levels left.
You knew the following spells:

 Your Spells              Type           Power      Damage    Failure   Level
a - Shock                 Conj/Air       100%       1d9       1%          1
b - Static Discharge      Conj/Air       62%        3-6/arc   1%          2
c - Airstrike             Air            18%        2d(3-19)  2%          4

Your spell library contained the following spells:

 Spells                   Type           Power      Damage    Failure   Level
 Swiftness                Air            37%        N/A       1%          3
 Cigotuvi's Dreadful Rot  Necr/Alch/Air  30%        N/A       2%          2
 Call Imp                 Summ           10%        N/A       6%          2
 Ensorcelled Hibernation  Hex/Ice        10%        N/A       6%          2
 Sublimation of Blood     Necr           5%         N/A       6%          2
 Gell's Gravitas          Tloc           5%         N/A       12%         3
 Passwall                 Erth           5%         N/A       12%         3
 Teleport Other           Tloc           5%         N/A       12%         3
 Tukima's Dance           Hex            5%         N/A       12%         3
 Dispel Undead            Necr           5%         3d7       36%         4
 Martyr's Knell           Necr/Summ      5%         N/A       36%         4
 Passage of Golubria      Tloc           5%         N/A       36%         4
 Petrify                  Alch/Erth      5%         N/A       36%         4
 Irradiate                Conj/Alch      7%         3d14      41%         5
 Yara's Violent Unravell  Hex/Alch       2%         3d3       69%         5
 Death Channel            Necr           2%         N/A       99%         6
 Dispersal                Tloc           2%         N/A       99%         6
 Summon Hydra             Summ           2%         N/A       100%        7


Dungeon Overview and Level Annotations

Branches:
Dungeon (11/15)            Temple (1/1) D:6
   Lair: D:8-11         Orc: D:9-12

Altars:
Ashenzari
Cheibriados
Dithmenos
Gozag
Hepliaklqana
Kikubaaqudgha
Makhleb
Nemelex Xobeh
Okawaru
Qazlal
Ru
Trog
Uskayaw
Vehumet
Wu Jian
Xom
Yredelemnul

Shops:
D:4 (

Annotations:
D:2 exclusion: downstairs
D:5 exclusion: 3 doors, Eustachio
D:6 exclusions: centaur and yak
D:7 exclusions: door and 3 wights, Dowan, Duvessa
D:8 exclusion: electric eel, Psyche
D:9 exclusion: 2 trolls
D:10 Nergalle


Innate Abilities, Weirdness & Mutations

You have sharp claws.
You have razor-sharp teeth.
You have supernaturally acute eyesight. (SInv)
You are covered in thick fur. (AC +2)
Your paws help you pounce on unaware monsters.
You are incapable of wielding weapons or throwing items.
You cannot wear armour.
You gain extra lives every three experience levels.


Message History

The air twists around and strikes the hornet!
The hornet is heavily wounded.
The centaur shouts!
Casting: Airstrike (dangerous; 2% risk of failure)
Confirm with . or Enter, or press ? or * to list all spells.
Aiming: Airstrike (dangerous; 2% risk of failure)
Press: ? - help, Dir - move target, f/p - hornet
Aim: a hornet (heavily wounded, empty space bonus: 8/8)
The air twists around and strikes the hornet!
The hornet is almost dead.
The centaur wields a +0 orcbow.
The centaur shoots an arrow.
The arrow closely misses you.
Casting: Airstrike (dangerous; 2% risk of failure)
Confirm with . or Enter, or press ? or * to list all spells.
Aiming: Airstrike (dangerous; 2% risk of failure)
Press: ? - help, Dir - move target, f/p - hornet
Aim: a hornet (almost dead, empty space bonus: 8/8)
The air twists around and strikes the hornet.
The hornet is almost dead.
The centaur shoots an arrow.
The arrow misses you.
Casting: Airstrike (dangerous; 2% risk of failure)
Confirm with . or Enter, or press ? or * to list all spells.
You don't have enough magic to cast this spell.
You barely miss the hornet.
The hornet is almost dead.
The hornet completely misses you.
There are monsters nearby!
You scratch the hornet.
The hornet is almost dead.
The hornet misses you.
The hornet stings you but does no damage.
You scratch the hornet but do no damage.
The hornet is almost dead.
The hornet stings you!
You suddenly lose the ability to move!
The centaur unwields a +0 orcbow.
The centaur hits you. The centaur kicks you. The hornet stings you!
* * * LOW HITPOINT WARNING * * *
You feel yourself slow down. The hornet stings you!
You die...
Your body crumbles into a pile of gold.

####### ## .......
... ....... ....
.....). .....
.......
......############
.gg....
~......c........>#
..c....
~......y@.########
.......
.......####
....... .......
....... .......
####### ######. ..
.c


You could see a hornet and a centaur.

Vanquished Creatures
  A water elemental (D:11)
  An acid dragon (D:10)
  An orc warrior (D:11)
  A black bear (D:5)
  An ice beast (D:5)
  2 sky beasts
  An ogre (D:4)
  2 centaurs (D:9)
  A kobold brigand (D:8)
  3 bullfrogs
  A scorpion (D:5)
  A wight (D:7)
  3 killer bees (D:10)
  A howler monkey (D:6)
  An electric eel (D:11)
  2 bombardier beetles
  2 jellies (D:6)
  Terence (D:3)
  Natasha (twice) (D:3)
  2 iguanas
  2 orc wizards
  A hell rat (D:10)
  3 adders
  A river rat (D:9)
  A gnoll (D:8)
  2 white imps
  2 dart slugs
  3 ribbon worms
  15 orcs
  7 ball pythons
  4 endoplasms
  5 giant cockroaches
  10 goblins
  4 hobgoblins (D:2)
  8 jackals
  10 kobolds
  5 quokkas
  4 bats
  4 frilled lizards
  A goblin zombie (D:6)
  A quokka zombie (D:6)
  10 rats
133 creatures vanquished.

Notes
Turn   | Place    | Note
-------+----------+-------------------------------------------
     0 | D:1      | Killerpretzel the Felid Air Elementalist began the quest
                  | for the Orb.
     0 | D:1      | Reached XP level 1. HP: 9/9 MP: 4/4
    80 | D:1      | Reached skill level 1 in Conjurations
   177 | D:1      | Reached XP level 2. HP: 13/13 MP: 1/6
   232 | D:1      | Reached skill level 3 in Stealth
   798 | D:2      | Reached XP level 3. HP: 16/16 MP: 2/7
   871 | D:2      | Found a faded altar of an unknown god.
  1148 | D:1      | Identified a scroll of acquirement
  1148 | D:1      | Acquired a +5 ring of evasion
  1641 | D:2      | Reached XP level 4. HP: 21/21 MP: 0/8
  1641 | D:2      | Gained a life (2 lives remaining)
  2067 | D:3      | Noticed Natasha
  2079 | D:3      | Killed Natasha
  2154 | D:3      | Noticed Terence
  2177 | D:3      | Killed Terence
  2272 | D:3      | Reached skill level 4 in Stealth
  2279 | D:3      | Noticed Natasha
  2471 | D:3      | Reached XP level 5. HP: 24/24 MP: 5/9
  2677 | D:3      | Found a hide-covered altar of Uskayaw.
  2934 | D:4      | Found Cohadog's Firing Range.
  2986 | D:4      | Noticed an ogre
  2994 | D:4      | Killed an ogre
  3151 | D:4      | Gained mutation: You are covered in thick fur. (AC +2)
                  | [Felid growth]
  3151 | D:4      | Reached XP level 6. HP: 28/28 MP: 6/11
  3234 | D:4      | Found a basalt altar of Yredelemnul.
  3658 | D:5      | Entered Level 5 of the Dungeon
  3660 | D:5      | Noticed an ice beast
  4062 | D:5      | Reached skill level 5 in Stealth
  4156 | D:5      | Noticed a sky beast
  4442 | D:6      | Reached XP level 7. HP: 32/32 MP: 7/12
  4488 | D:6      | Noticed a yak
  4585 | D:6      | Found a sand-covered staircase.
  4654 | D:6      | Found a staircase to the Ecumenical Temple.
  4664 | Temple   | Entered the Ecumenical Temple
  4723 | D:6      | Noticed a yak
  4863 | D:5      | Reached skill level 5 in Air Magic
  4926 | D:5      | Reached skill level 5 in Dodging
  5170 | D:5      | Noticed Eustachio
  5339 | D:5      | Found a sparkling altar of Nemelex Xobeh.
  5444 | D:3      | Killed Natasha
  5701 | D:6      | Learned a level 2 spell: Static Discharge
  5736 | D:6      | Found an iron altar of Okawaru.
  5795 | D:6      | Noticed a yak
  5939 | D:7      | Noticed Duvessa
  5939 | D:7      | Noticed Dowan
  6018 | D:8      | Learned a level 4 spell: Airstrike
  6202 | D:7      | Reached skill level 6 in Stealth
  6435 | D:7      | Reached XP level 8. HP: 36/36 MP: 14/14
  6842 | D:8      | Noticed Psyche
  7123 | D:8      | Noticed a hornet
  7168 | D:9      | Noticed a troll
  7221 | D:9      | Found an ancient bone altar of Kikubaaqudgha.
  7480 | D:9      | Noticed a troll
  7531 | D:9      | Found a bloodstained altar of Trog.
  7583 | D:9      | Noticed a hornet
  7656 | D:9      | Noticed a death yak
  7671 | D:10     | Entered Level 10 of the Dungeon
  7720 | D:10     | Found an opulent altar of Gozag.
  7726 | D:10     | Became a worshipper of Gozag Ym Sagoz the Greedy
  7798 | D:10     | Reached skill level 7 in Stealth
  7896 | D:10     | Noticed Nergalle
  7897 | D:10     | Killed from afar by an acid dragon
  7897 | D:10     | Lost a life (1 life remaining)
  8171 | D:11     | Noticed a two-headed ogre
  8310 | D:11     | Reached XP level 9. HP: 39/39 MP: 3/16
  8310 | D:11     | Gained a life (2 lives remaining)
  8491 | D:11     | Demolished by a two-headed ogre
  8491 | D:11     | Lost a life (1 life remaining)
  8512 | D:11     | Noticed a two-headed ogre
  8531 | D:11     | Slain by a two-headed ogre
  8531 | D:11     | Lost a life (0 lives remaining)
  8791 | D:9      | Noticed a death yak
  8791 | D:9      | Noticed a death yak
  8828 | D:8      | Paralysed by a hornet for 2 turns
  8829 | D:8      | Mangled by a hornet

Illustrated notes

Levels and vault maps discovered:
D:1:      psy_arrival_conway, layout_rooms
D:2:      layout_rooms, dreamdust_ecumenical_altar_statues, minmay_nonomino_d4
D:3:      layout_rooms, nicolae_uskayaw_murder_on_the_dancefloor,
          grunt_decor_fettered, minmay_checkerbox, uniq_natasha, uniq_terence
D:4:      layout_loops_ring, yredelemnul_altar_generic,
          nicolae_shop_firing_range
D:5:      layout_loops_ring, good_gods_mini_temple, nemelex_dance_club_becter,
          uniq_eustachio
D:6:      layout_rooms, general_overflow_altar, minmay_temple_entry_grid,
          enter_ossuary_4, uniq_jeremiah, uniq_crazy_yiuf_cottage
D:7:      layout_basic, serial_bayou_pond_d, uniq_duvessa
D:8:      layout_basic, mainiacjoe_overflow_alcove_2, uniq_psyche
D:9:      minmay_slanted_spiral_squares, layout_irregular_city, fedhas_altar_3,
          lemuel_tele_altar, lemuel_coloured_pillars_altar, dpeg_lair_monsters
D:10:     kennysheep_blocky_room, layout_basic, grunt_gozag_statues,
          uniq_erolcha, uniq_nergalle, uniq_snorg
D:11:     layout_basic
Temple:   hellmonk_temple_micro_hex

Skill      XL: |  1  2  3  4  5  6  7  8 |
---------------+-------------------------+-----
Conjurations   | 1 2 3 4 |  4.2
Stealth        | 3 4 5 6 7 |  7.5
Air Magic      | 3 4 5 6 |  6.9
Dodging        | 3 4 5 6 |  6.7
Spellcasting   | 3 4 |  4.6

Action                     |  1- 3 |  4- 6 |  7- 9 || total
---------------------------+-------+-------+-------++-------
  Melee: Unarmed           |    54 |    11 |    62 ||   127
         Bite              |    11 |     2 |     7 ||    20
         Punch             |     1 |       |     1 ||     2
   Cast: Shock             |    98 |   135 |   180 ||   413
         Static Discharge  |       |       |     7 ||     7
         Airstrike         |       |       |    21 ||    21
  Evoke: Wand              |       |       |     3 ||     3
    Use: Scroll            |     3 |     4 |     4 ||    11
         Potion            |     1 |       |     1 ||     2
 Armour: Skin              |    20 |    12 |    58 ||    90
  Dodge: Dodged            |    57 |    59 |   164 ||   280
